 Adventure DCSS version bcrawl-1.36.5b (webtiles) character file.

Game seed: 1993337738425653947

230321 petercordia the Cudgeler (level 7, 78/78 HPs)
             Began as an Ent Chaos Knight on Aug 26, 2022.
             Was a Plaything of Xom.
             Got out of the dungeon alive.
             The game lasted 00:16:33 (4305 turns).

petercordia the Cudgeler (Ent Chaos Knight)         Turns: 4305, Time: 00:16:34

Health: 78/78      AC: 16    Str: 23    XL:     7   Next: 85%
Magic:  7/7        EV: 13    Int: 13    God:    Xom [.....*]
Gold:   107        SH:  0    Dex: 11    Spells: 6/6 levels left
                                        Lives:  2   Deaths: 0

rFire    . . .     GDR:     32% s - +2 mace (protect)
rCold    + . .     SeeInvis .   (no shield)
rNeg     + + +     Gourm    .   (armour unavailable)
rPois    +         Faith    .   (helmet restricted)
rElec    +         Spirit   .   d - scarf {repulsion}
rCorr    .         Reflect  .   (gloves unavailable)
MR       .....     Rnd*Tele +   (boots unavailable)
Stlth    +++.......             (no amulet)
HPRegen  0.23/turn              q - +4 ring of strength
MPRegen  0.10/turn              (no ring)

@: repel missiles, very slow
A: large, slow actions, passwall, strong branches, repulsion field 1, iridescent
scales 1, cold resistance 1, high mp 1, mutation resistance 1, negative energy
resistance 3, poison resistance, electricity resistance, slow metabolism 1,
teleportitis 1, torment resistance, unbreathing, AC +14
a: Passwall, Renounce Religion


You escaped.
You worshipped Xom.
You were Xom's teddy bear.
You were not hungry.

You visited 1 branch of the dungeon, and saw 4 of its levels.

You collected 182 gold pieces.
You spent 75 gold pieces at shops.

Inventory:

Hand Weapons
 a - a +0 mace of chaos
 s - a +2 mace of protection (weapon)
 u - a cursed -2 giant spiked club
 z - a +2 quarterstaff of chaos
Missiles
 g - 1085 stones (quivered)
 n - 462 arrows
 A - 49 needles of confusion
Armour
 d - a scarf of repulsion (worn)
 y - a +0 cloak
Jewellery
 q - a +4 ring of strength (left hand)
Scrolls
 c - a scroll of blinking
 f - a scroll of noise
 k - a scroll of fog
 m - 2 scrolls of magic mapping
 o - a scroll of teleportation
 w - a scroll of enchant weapon
Potions
 h - 2 potions of flight {unknown}
 i - a potion of brilliance {unknown}
 j - 3 potions of curing
 p - a potion of might {unknown}
 v - a potion of lignification {unknown}
 x - a potion of agility {unknown}
Comestibles
 b - a chunk of flesh
 e - 7 rations {!d}


   Skills:
 * Level 5.1 Fighting
 * Level 7.6 Maces & Flails
 * Level 4.5 Dodging
 * Level 4.6 Stealth


You had 6 spell levels left.
You didn't know any spells.
Your spell library was empty.

Dungeon Overview and Level Annotations

Branches:
Dungeon (4/12)
 Temple: D:4-7

Altars:
Cheibriados
Okawaru
Trog
Xom
Zin


Innate Abilities, Weirdness & Mutations

You move and act slowly.
You can pass through walls and trees.
Your branches can wield two-handed weapons with a shield.
Your thick bark is tough. (AC +14)
You are too large for most types of armour.
You are immune to negative energy. (rN+++)
Your system is resistant to poisons. (rPois)
You have a slow metabolism.
You are immune to unholy pain and torment.
You can survive without breathing.
You are surrounded by a mild repulsion field. (EV +2)
You are partially covered in iridescent scales. (AC +2)
Your flesh is cold resistant. (rC+)
You have an increased reservoir of magic. (+10% MP)
You are somewhat resistant to further mutation.
You are resistant to electric shocks. (rElec)
You are occasionally teleported next to monsters.


Message History

As you read the scroll labeled CITIOV KOAM, it crumbles to dust.
You feel blessed for a moment.
It was a scroll of remove curse.
As you read the scroll labeled FUPOELUOPY, it crumbles to dust.
It is a scroll of enchant weapon.
Your +1 mace of protection glows red for a moment.
There is a stone staircase leading up here.
You climb upwards.
There is a stone staircase leading down here.
No path to travel!
The sentinel's mark upon you fades away.
There is an open door here.
There is an open door here.
There is a stone staircase leading up here.
You climb upwards.
There is a stone staircase leading down here.
No path to travel!
You see here a mace.
There is a staircase leading out of the dungeon here.
Are you sure you want to leave the Dungeon?
This will make you lose the game!
You have escaped!

...#.#.#.##.# ##.#.#.#....#
#######
...#.#.########.....###
##.....#####....###...##
#######........## ##...##
...###...##...## ##...#
..#.#..###..#..######...#
..###.###..##.....##....#
..##.....#####..@......##
..###.)### ##...##..## ..#
#.## #####...# ..###.# ##.##
......####### ###########
)####.##....########
#.......# .#
#....##........###.......# .#
####.##..........#.......####
.# #.##........#.#....(......


There were no monsters in sight!

Vanquished Creatures
  A steam dragon (shapeshifter) (D:4)
  A phantom (D:4)
  An ogre (D:3)
  A scorpion (D:4)
  A water moccasin skeleton (D:4)
  An orc priest (D:3)
  A crimson imp (D:4)
  3 orc wizards
  Crazy Yiuf (D:3)
  Natasha (thrice) (D:3)
  An iguana (D:2)
  2 worker ants
  A hound skeleton (D:4)
  Robin (D:3)
  3 gnolls (D:3)
  3 adders
  3 worms (D:2)
  A dart slug (D:4)
  8 orcs
  4 giant cockroaches
  4 goblins
  11 hobgoblins
  13 jackals
  3 quokkas
  3 ball pythons
  8 bats
  4 frilled lizards
  6 kobolds
  11 rats
104 creatures vanquished.

Vanquished Creatures (collateral kills)
  A scorpion (D:4)
1 creature vanquished.

Grand Total: 105 creatures vanquished

Notes
Turn   | Place    | Note
-------+----------+-------------------------------------------
     0 | D:1      | petercordia the Ent Chaos Knight began the quest for the
                  | Orb.
     0 | D:1      | Reached XP level 1. HP: 25/25 MP: 1/1
    71 | D:1      | XOM: silly message
   273 | D:1      | XOM: cloud trail
   382 | D:1      | Reached XP level 2. HP: 25/33 MP: 2/2
   405 | D:1      | XOM: noise
   447 | D:1      | Reached skill level 4 in Maces & Flails
   572 | D:1      | Reached skill level 1 in Stealth
   770 | D:2      | XOM: noise
  1010 | D:2      | XOM: 4-stop teleportation journey
  1012 | D:2      | Reached XP level 3. HP: 40/42 MP: 3/3
  1057 | D:2      | XOM: medium Air miscast
  1203 | D:2      | Reached XP level 4. HP: 48/51 MP: 4/4
  1348 | D:2      | XOM: divination: detect items
  1366 | D:2      | XOM: god gift: clear potion {god gift}
  1867 | D:2      | XOM: give mutations
  1867 | D:2      | Gained mutation: You possess an exceptional clarity of
                  | mind. [Xom's grace]
  1867 | D:2      | Gained mutation: You have a pair of small antennae on your
                  | head. [Xom's grace]
  1867 | D:2      | Gained mutation: You can translocate small distances at
                  | will. [Xom's grace]
  1941 | D:2      | XOM: give mutations
  1941 | D:2      | Gained mutation: You are surrounded by a mild repulsion
                  | field. (EV +2) [Xom's grace]
  1941 | D:2      | Gained mutation: You are robust. (+10% HP) [Xom's grace]
  2156 | D:3      | XOM: god gift: 159 arrows
  2273 | D:3      | Noticed a water moccasin
  2273 | D:3      | XOM: polymorph something unseen -> water moccasin
  2278 | D:3      | XOM: confuse monster(s)
  2411 | D:3      | Noticed Natasha
  2411 | D:3      | Noticed an ogre
  2429 | D:3      | XOM: scenery: create altars
  2431 | D:3      | Killed Natasha
  2436 | D:3      | Killed an ogre
  2437 | D:3      | Reached skill level 5 in Maces & Flails
  2437 | D:3      | Reached XP level 5. HP: 22/63 MP: 5/5
  2615 | D:3      | Noticed Robin
  2642 | D:3      | Killed Robin
  2705 | D:3      | XOM: noise
  2737 | D:3      | Noticed a fire dragon
  2827 | D:3      | XOM: mild Summ miscast
  2854 | D:3      | Reached XP level 6. HP: 65/73 MP: 6/6
  3018 | D:3      | Found Zin's Purification Station.
  3023 | D:3      | Found a glowing silver altar of Zin.
  3031 | D:3      | XOM: harmless Fire miscast
  3033 | D:3      | Bought a potion of curing for 75 gold pieces
  3075 | D:3      | XOM: harmless Fire miscast
  3093 | D:3      | Found an iron altar of Okawaru.
  3145 | D:3      | XOM: silly message
  3198 | D:3      | Noticed Natasha
  3212 | D:3      | Killed Natasha
  3232 | D:3      | Reached skill level 6 in Maces & Flails
  3457 | D:3      | Found a runed door.
  3461 | D:3      | Noticed Crazy Yiuf
  3470 | D:3      | Killed Crazy Yiuf
  3526 | D:3      | Noticed Natasha
  3535 | D:3      | Killed Natasha
  3615 | D:4      | XOM: enchant monster (bad)
  3623 | D:4      | XOM: enchant monster (bad)
  3642 | D:4      | Reached XP level 7. HP: 84/84 MP: 7/7
  3650 | D:4      | Found a bloodstained altar of Trog.
  3686 | D:4      | XOM: give mutations
  3686 | D:4      | Gained mutation: You are occasionally teleported next to
                  | monsters. [Xom's mischief]
  3686 | D:4      | Gained mutation: You have supernaturally acute eyesight.
                  | (SInv) [Xom's mischief]
  3686 | D:4      | Lost mutation: You are robust. (+10% HP) [Xom's mischief]
  3688 | D:4      | XOM: summons friendly shadow imp
  3741 | D:4      | Reached skill level 7 in Maces & Flails
  3743 | D:4      | XOM: 9-stop teleportation journey
  3746 | D:4      | Noticed an anaconda
  3806 | D:4      | Lost mutation: You have a pair of small antennae on your
                  | head. [potion of mutation]
  3806 | D:4      | Lost mutation: You can translocate small distances at will.
                  | [potion of mutation]
  3806 | D:4      | Lost mutation: You have supernaturally acute eyesight.
                  | (SInv) [potion of mutation]
  3806 | D:4      | Lost mutation: You possess an exceptional clarity of mind.
                  | [potion of mutation]
  3806 | D:4      | Gained mutation: Your flesh is cold resistant. (rC+)
                  | [potion of mutation]
  3806 | D:4      | Gained mutation: You are resistant to electric shocks.
                  | (rElec) [potion of mutation]
  3821 | D:4      | XOM: destruction
  3999 | D:4      | XOM: give mutations
  3999 | D:4      | Gained mutation: You are somewhat resistant to further
                  | mutation. [Xom's grace]
  3999 | D:4      | Gained mutation: You are partially covered in iridescent
                  | scales. (AC +2) [Xom's grace]
  3999 | D:4      | Gained mutation: You have an increased reservoir of magic.
                  | (+10% MP) [Xom's grace]
  4071 | D:4      | Noticed a steam dragon
  4071 | D:4      | an acid dragon changed into a steam dragon
  4073 | D:4      | Killed a steam dragon
  4074 | D:4      | Reached skill level 5 in Fighting
  4171 | D:4      | Found a snail-covered altar of Cheibriados.
  4305 | D:$      | Got out of the dungeon alive.

Skill      XL: |  1  2  3  4  5  6  7 |
---------------+----------------------+-----
Maces & Flails | 4 5 6 7 |  7.6
Stealth        | 1 3 4 |  4.6
Fighting       | 4 5 |  5.1
Dodging        | 3 4 |  4.5

Action                   |  1- 3 |  4- 6 |  7- 9 || total
-------------------------+-------+-------+-------++-------
Melee: Mace              |    88 |   237 |    88 ||   413
  Use: Scroll            |       |     3 |     5 ||     8
       Potion            |       |     1 |     3 ||     4
 Stab: Paralysed         |     4 |       |       ||     4
       Sleeping          |     1 |     5 |     2 ||     8
       Invisible         |       |       |     4 ||     4
  Eat: Chunk             |     3 |    14 |     5 ||    22
Armor: Skin              |    49 |   129 |    53 ||   231
Dodge: Dodged            |    55 |   223 |    82 ||   360
       Deflected         |       |       |     3 ||     3
